 Dungeon Crawl Stone Soup version 0.17-a0-1409-ge6d9485 (webtiles) character file.

208050 Fizybubbleh the Severer (level 18, -9/179 HPs)
             Began as a Hill Orc Gladiator on June 21, 2015.
             Was the Champion of Beogh.
             Mangled by an alligator snapping turtle (30 damage)
             ... on level 4 of the Shoals on June 22, 2015.
             The game lasted 04:27:38 (47031 turns).

Fizybubbleh the Severer (Hill Orc Gladiator)       Turns: 47031, Time: 04:27:38

Health: -9/179     AC: 23    Str: 20    XL:     18   Next: 77%
Magic:  11/24      EV: 18    Int: 12    God:    Beogh [******]
Gold:   2565       SH:  0    Dex: 19    Spells: 3 memorised, 10 levels left

rFire  . . .     SeeInvis +     d - +8 battleaxe (vamp)
rCold  . . .     Clarity  .     F - +6 scale mail "Kowne" {Dex+2}
rNeg   . . .     SustAt   .     (no shield)
rPois  +         Gourm    .     (helmet restricted)
rElec  .         Spirit   .     g - +0 cloak
rCorr  .         Warding  .     L - +0 pair of gloves
rMut   .         Stasis   +     R - +0 pair of boots (curse)
MR     +....                    U - amulet of stasis
Stlth  ..........               E - +4 ring of intelligence
                                s - ring of see invisible

@: somewhat resistant to hostile enchantments, extremely unstealthy
A: walk on water, horns 1, poison resistance, wild magic 1
a: Smiting, Recall Orcish Followers, Give Item to Named Follower, Renounce
Religion
}: 1/15 runes: serpentine


You were on level 4 of the Shoals.
You worshipped Beogh.
Beogh was exalted by your worship.
You were not hungry.

You visited 5 branches of the dungeon, and saw 35 of its levels.

You collected 3817 gold pieces.
You spent 1252 gold pieces at shops.

Inventory:

Hand weapons
 d - a +8 vampiric battleaxe (weapon)
 G - a +1 demon trident of freezing
Armour
 g - a +0 cloak (worn)
 F - the +6 scale mail "Kowne" (worn) {Dex+2}
   (You found it on level 5 of the Dungeon)

   It affects your dexterity (+2).
 L - a +0 pair of gloves (worn)
 R - a cursed +0 pair of boots (worn)
Jewellery
 b - an uncursed ring of protection from magic
 q - an uncursed amulet of regeneration
 s - a ring of see invisible (left hand)
 u - an uncursed ring of protection from fire
 D - an uncursed ring of protection from fire
 E - a +4 ring of intelligence (right hand)
 M - an uncursed ring of sustain attributes
 P - an uncursed ring of magical power
 U - an amulet of stasis (around neck)
 V - an uncursed amulet of resist corrosion
 Y - an uncursed ring of invisibility
Magical devices
 f - a wand of invisibility (3)
 C - a wand of disintegration (11)
 T - a wand of teleportation (8)
Scrolls
 h - 5 scrolls of magic mapping
 l - 6 scrolls of blinking
 p - 9 scrolls of enchant armour
 r - 18 scrolls of teleportation
 w - 4 scrolls of fear
 y - 2 scrolls of fog
 z - 5 scrolls of immolation
 N - 3 scrolls of recharging
 O - 5 scrolls of amnesia
 Q - 9 scrolls of remove curse
 Z - 9 scrolls of identify
Potions
 a - 4 potions of might
 i - 9 potions of brilliance
 j - a potion of ambrosia
 n - 2 potions of cure mutation
 o - 14 potions of curing
 t - 9 potions of flight
 H - 2 potions of cancellation
 I - a potion of berserk rage
 J - 2 potions of invisibility
 S - 8 potions of agility
 W - 4 potions of magic
 X - 3 potions of haste
Books
 c - the Almanac of Augmentations
   (You found it on level 3 of the Shoals)

   Spells                             Type                      Level
   a - Infusion                       Charms                       1
   b - Swiftness                      Charms/Air                   2
   c - Song of Slaying                Charms                       2
   d - Spectral Weapon                Hexes/Charms                 3
   e - Warp Weapon                    Charms/Translocation         5
   f - Ring of Flames                 Charms/Fire                  7
Comestibles
 e - 7 bread rations
 k - 4 meat rations
 m - 34 fruits
 v - 11 royal jellies
 x - 5 beef jerkies
 A - 11 slices of pizza


   Skills:
 - Level 20.3 Fighting
 - Level 20.6 Axes
 - Level 2.0 Throwing
 - Level 16.5 Armour
 - Level 10.2 Dodging
 + Level 7.0 Charms
 - Level 8.9 Invocations


You had 10 spell levels left.
You knew the following spells:

 Your Spells              Type           Power        Failure   Level  Hunger
a - Spectral Weapon       Hex/Chrm       ##......     63%         3    ####...
b - Swiftness             Chrm/Air       ##......     38%         2    ###....
c - Song of Slaying       Chrm           ####....     13%         2    ###....


Dungeon Overview and Level Annotations

Branches:
Dungeon (15/15)            Temple (0/1) D:5            Lair (8/8) D:9
 Shoals (4/4) Lair:5        Snake (4/4) Lair:6        Slime (0/6) Lair:8
    Orc (4/4) D:10            Elf (0/3) Orc:4        Vaults (0/5) D:14
 Depths (0/5) D:15

Altars:
Sif Muna
Yredelemnul
Zin
Jiyva

Shops:
D:14 (   Orc:1 !   Orc:4 !(}(*   Shoals:3 *   Snake:2 %

Portals:
Trove: D:12 (give 2 scrolls of acquirement)

Annotations:
Lair:6 exclusion: oklob plant
Lair:8 1 runed door


Innate Abilities, Weirdness & Mutations

You can walk on water.
You have a pair of small horns on your head.
Your system is resistant to poisons.
Your spells are a little harder to cast, but a little more powerful.


Message History

The merfolk throws a throwing net.
The throwing net closely misses you.
You hear a splash.
The merfolk hits you but does no damage.
The merfolk hits you with a trident!
* * * LOW HITPOINT WARNING * * *
You take 9 damage, and have 24/179 hp.
The alligator snapping turtle hisses angrily.
You slice the merfolk!!
You feel better. The merfolk hits you with a trident!
* * * LOW HITPOINT WARNING * * *
You slash the merfolk!
You feel better.
You regained 11 hp, and now have 36/179 hp.
You closely miss the merfolk. Your headbutt misses the merfolk.
The merfolk hits you with a trident!
* * * LOW HITPOINT WARNING * * *
You take 15 damage, and have 21/179 hp.
You slash the merfolk! You headbutt the merfolk.
The merfolk closely misses you.
You hit the merfolk.
The alligator snapping turtle bites you from afar!!
You die...

≈≈≈≈≈≈≈≈≈≈≈....(##≈≈≈##≈
≈≈≈≈≈≈≈≈≈≈..((≈≈o#####≈≈
≈≈≈≈≈≈≈≈≈#####≈)≈)≈≈≈≈≈≈
≈≈≈≈≈≈(≈## ##t≈≈≈≈≈≈≈≈
≈≈≈≈≈≈≈≈# #≈(≈.≈≈≈≈≈
≈≈≈≈≈≈≈≈# #≈≈(≈≈≈≈≈≈
≈≈≈≈≈≈≈≈# #≈≈≈≈≈≈≈≈≈
≈≈≈≈≈≈≈≈## #≈≈≈≈≈≈≈≈≈
≈≈≈≈≈≈≈@≈# ≈≈≈≈≈≈≈≈≈≈
≈≈≈≈≈≈≈≈mt≈≈≈≈≈ ≈≈≈≈≈≈
≈≈≈≈≈≈≈≈≈≈≈≈≈≈≈ ≈≈≈≈≈≈
≈≈≈≈≈≈≈≈≈≈≈≈≈≈≈ ≈≈≈≈≈
≈≈≈≈≈≈≈≈≈≈≈≈≈≈≈ ≈≈≈≈≈
≈≈≈≈≈≈≈≈≈≈≈≈≈≈≈ ≈≈≈≈
≈≈≈≈≈≈≈≈≈≈≈≈≈≈≈
≈≈≈≈≈≈≈≈≈≈≈≈≈≈≈


You could see an alligator snapping turtle and a merfolk.

Vanquished Creatures
  Kirke (Lair:8)
  5 greater nagas (Snake:4)
  Donald (Orc:3)
  A frost giant (D:13)
  A deep elf sorcerer (D:11)
  Maud (D:12)
  Aizul (Snake:3)
  An orc warlord (Orc:3)
  7 merfolk javelineers
  2 merfolk impalers
  A yaktaur captain (D:13)
  A hydra (Lair:8)
  The ghost of Fluffy the Pandemonic, a powerful DsGl of Makhleb (Orc:2)
  5 naga warriors
  An ice dragon (Lair:8)
  A catoblepas (Shoals:2)
  An alligator snapping turtle (Shoals:4)
  2 merfolk avatars
  A satyr (Shoals:4)
  2 dancing weapons (D:14)
  7 anacondas
  4 death yaks
  A salamander stormcaller (D:15)
  3 merfolk aquamancers (Shoals:4)
  A vampire mage (D:11)
  7 naga sharpshooters
  6 shock serpents
  The ghost of Kidiri the Protected, an experienced MiFi of Okawaru (D:7)
  4 skeletal warriors
  2 unseen horrors
  6 sea snakes
  4 hill giants
  5 naga ritualists
  Pikel (D:4)
  5 harpies (Shoals:4)
  5 mana vipers
  3 orc sorcerers
  2 water nymphs
  3 manticores
  3 cyclopes
  8 fauns
  2 centaur zombies
  6 griffons
  7 salamanders
  25 black mambas
  9 sirens
  8 elephants
  2 gargoyles
  20 naga magi
  A guardian serpent (Snake:4)
  A centaur skeleton (D:15)
  6 spiny frogs
  3 kobold demonologists
  A queen bee (Lair:6)
  8 komodo dragons
  A fire drake (Lair:5)
  2 wind drakes (Shoals:4)
  13 merfolk
  2 snapping turtles (Shoals:4)
  4 polar bears
  2 fire vortices
  A hornet zombie (D:14)
  3 two-headed ogres
  A troll (D:15)
  12 blink frogs
  7 deep elf magi
  A trapdoor spider (D:14)
  2 wraiths
  4 wyverns
  5 humans (D:6)
  3 hogs (Lair:8)
  8 water elementals
  A basilisk (Lair:6)
  34 yaks
  2 hungry ghosts
  3 vampire mosquitoes (D:12)
  A shadow (D:14)
  23 nagas
  7 wolves
  10 hippogriffs
  Menkaure (D:7)
  A mottled dragon (D:14)
  2 wargs
  16 water moccasins
  A wasp (D:10)
  A harpy simulacrum (D:15)
  2 black bears
  10 porcupines
  12 ogres
  3 necrophages
  4 sky beasts
  An eye of draining (D:14)
  6 orc warriors
  12 centaurs
  13 crocodiles
  2 ice beasts
  A brain worm (D:14)
  24 giant frogs
  5 big kobolds
  24 killer bees
  3 scorpions
  16 wights
  6 electric eels
  2 quasits
  3 giant frog zombies
  9 jellies
  7 hounds
  A wyvern simulacrum (D:13)
  10 crimson imps
  Crazy Yiuf (D:7)
  5 iguanas
  2 orc priests
  2 giant frog skeletons
  14 orc wizards
  3 worker ants
  11 sheep
  11 gnolls
  39 river rats
  8 adders
  4 shadow imps
  A white imp (D:15)
  2 ufetubi (D:15)
  7 oozes
  3 adder zombies (D:8)
  2 worms
  33 orcs
  8 bats
  2 bat skeletons
  A bat zombie (D:5)
  2 giant cockroaches
  17 goblins
  14 hobgoblins
  20 kobolds
  6 giant geckos
  A giant newt (D:1)
  16 jackals
  5 quokkas
  20 rats
  3 fungi
  2 plants (Lair:8)
  2 tentacles (Shoals:2)
834 creatures vanquished.

Vanquished Creatures (collateral kills)
  Rupert (Lair:7)
  Polyphemus (Shoals:2)
  A kraken (Shoals:2)
  3 tengu reavers
  2 greater nagas
  Ilsuiw (Shoals:4)
  A merfolk javelineer (Shoals:4)
  A merfolk impaler (Shoals:3)
  2 slime creatures
  8 naga warriors
  2 catoblepae
  A merfolk avatar (Shoals:4)
  3 merfolk aquamancers
  2 hydras
  An alligator snapping turtle (Shoals:4)
  A deep troll shaman (Lair:8)
  A centaur warrior (D:13)
  2 death yaks (Lair:8)
  A harpy (shapeshifter) (D:13)
  3 shock serpents
  5 naga sharpshooters
  3 orc high priests (Orc:4)
  4 skeletal warriors
  A sea snake (shapeshifter) (D:13)
  2 sea snakes
  2 salamander mystics (Snake:2)
  4 naga ritualists
  2 hill giants (D:15)
  2 harpies (Shoals:4)
  A shining eye (shapeshifter) (D:15)
  A wolf spider zombie (D:13)
  4 fauns
  5 griffons
  3 mana vipers
  3 sirens
  A centaur zombie (D:12)
  A water nymph (Shoals:4)
  8 salamanders
  14 naga magi
  6 cyclopes
  2 guardian serpents
  7 elephants
  15 black mambas
  3 spiny frogs
  2 centaur skeletons
  2 fire drakes
  A molten gargoyle (Lair:1)
  4 polar bears
  3 komodo dragons
  A troll (D:15)
  13 blink frogs
  A wind drake (Shoals:2)
  9 merfolk
  A boulder beetle (Lair:8)
  A two-headed ogre (D:13)
  A snapping turtle (Shoals:4)
  11 yaks
  2 hogs (Lair:8)
  3 hippogriffs
  6 water elementals
  6 basilisks
  A warg (Orc:3)
  17 nagas
  5 wolves
  8 porcupines
  2 wasps
  A sky beast (D:11)
  A phantom (D:13)
  6 orc warriors
  11 water moccasins
  3 ogres
  An ice beast (D:15)
  3 electric eels
  A centaur (D:12)
  5 crocodiles
  3 giant frogs
  A wyvern zombie (D:14)
  A wyvern skeleton (D:10)
  A scorpion (D:10)
  7 killer bees (Lair:6)
  A giant frog zombie (D:12)
  2 hounds
  A crimson imp (D:10)
  An iguana (Lair:3)
  3 jellies
  2 worker ants
  14 orc priests
  6 orc wizards
  A giant frog skeleton (D:12)
  2 sheep
  A shadow imp (D:13)
  12 river rats
  An ufetubus (D:15)
  8 oozes (Lair:6)
  28 orcs
  5 goblins
  A hobgoblin (Orc:2)
  A kobold (D:13)
  8 fungi
  8 plants (Lair:8)
  A tentacle (Shoals:2)
389 creatures vanquished.

Vanquished Creatures (others)
  An orc warlord (Shoals:4)
  11 orc knights
  An orc high priest (Orc:4)
  5 orc sorcerers
  A human (Lair:8)
  16 orc warriors
  An iguana (D:4)
  27 orc priests
  24 orc wizards
  An ooze (D:4)
  90 orcs
  10 fungi
  A plant (Lair:1)
  3 tentacles (Shoals:2)
  61 tentacle segments (Shoals:2)
253 creatures vanquished.

Grand Total: 1476 creatures vanquished

Notes
Turn   | Place    | Note
--------------------------------------------------------------
     0 | D:1      | Fizybubbleh the Hill Orc Gladiator began the quest for the Orb.
     0 | D:1      | Reached XP level 1. HP: 18/18 MP: 1/1
   283 | D:1      | Reached XP level 2. HP: 25/25 MP: 2/2
   351 | D:1      | Reached skill level 5 in Axes
   681 | D:1      | Reached XP level 3. HP: 28/30 MP: 3/3
  1286 | D:2      | Reached skill level 6 in Axes
  1356 | D:2      | Reached XP level 4. HP: 37/37 MP: 4/4
  1822 | D:3      | Became a worshipper of Beogh the Brigand
  2256 | D:3      | Noticed a wyvern
  2466 | D:4      | Reached skill level 7 in Axes
  2534 | D:4      | Noticed an ogre
  2697 | D:4      | Noticed Pikel
  2697 | D:4      | Noticed a slave
  2698 | D:4      | Noticed a slave
  2699 | D:4      | Noticed a slave
  2944 | D:4      | Noticed a slave
  2989 | D:4      | Killed Pikel
  2989 | D:4      | Reached skill level 10 in Axes
  2989 | D:4      | Reached XP level 5. HP: 12/42 MP: 5/5
  2989 | D:4      | Reached XP level 6. HP: 14/50 MP: 6/6
  2989 | D:4      | Reached XP level 7. HP: 15/56 MP: 7/7
  3343 | D:4      | Got a shimmering hunting sling
  3344 | D:4      | Identified the +3 hunting sling of Qitawoh {venom, *Confuse rElec Str+4} (You found it on level 4 of the Dungeon)
  3403 | D:4      | Killed an ogre
  3403 | D:4      | Reached skill level 11 in Axes
  3555 | D:5      | Entered Level 5 of the Dungeon
  3574 | D:5      | Found Zin's Purification Station.
  3577 | D:5      | Found a glowing silver altar of Zin.
  3582 | D:5      | Bought 2 potions of curing for 180 gold pieces
  3771 | D:5      | Reached XP level 8. HP: 62/62 MP: 8/8
  3830 | D:5      | Got a faintly glowing scale mail
  4012 | D:5      | Reached skill level 12 in Axes
  4139 | D:5      | Found a staircase to the Ecumenical Temple.
  4448 | D:5      | Acquired Beogh's first power
  4762 | D:6      | Identified the +6 scale mail "Kowne" {Dex+2} (You found it on level 5 of the Dungeon)
  4898 | D:6      | Reached skill level 13 in Axes
  5180 | D:6      | Reached skill level 14 in Axes
  5277 | D:6      | Reached XP level 9. HP: 60/68 MP: 9/9
  5285 | D:6      | Reached skill level 1 in Armour
  5377 | D:6      | Gained mutation: Your spells are a little harder to cast, but a little more powerful. [potion of beneficial mutation]
  5540 | D:6      | Acquired Beogh's second power
  5751 | D:7      | Reached skill level 5 in Fighting
  5837 | D:7      | Noticed Menkaure
  6349 | D:7      | Noticed Kidiri's ghost (experienced MiFi)
  6452 | D:7      | Killed Kidiri's ghost
  6823 | D:7      | Reached XP level 10. HP: 74/88 MP: 10/10
  6827 | D:7      | Noticed Crazy Yiuf
  6838 | D:7      | Killed Crazy Yiuf
  7079 | D:7      | Killed Menkaure
  7079 | D:7      | Reached skill level 5 in Armour
  7748 | D:8      | Noticed a cyclops
  7759 | D:8      | Killed a cyclops
  7773 | D:8      | Acquired Beogh's third power
  8266 | D:8      | Reached skill level 10 in Fighting
  9207 | D:8      | Acquired Beogh's fourth power
  9426 | D:9      | Reached XP level 11. HP: 86/104 MP: 11/11
  9502 | D:9      | Found a staircase to the Lair.
  9734 | D:10     | Entered Level 10 of the Dungeon
  9935 | D:10     | Found a staircase to the Orcish Mines.
 10157 | D:10     | Gained mutation: You have a pair of small horns on your head. [potion of beneficial mutation]
 10158 | D:10     | Gained mutation: Your system is resistant to poisons. [potion of beneficial mutation]
 10206 | D:10     | Noticed a hill giant
 10216 | D:10     | Killed a hill giant
 10563 | D:10     | Noticed a three-headed hydra
 10571 | D:10     | Killed a five-headed hydra
 10802 | D:11     | Noticed a hill giant
 10904 | Orc:1    | Entered Level 1 of the Orcish Mines
 11002 | Lair:1   | Entered Level 1 of the Lair of Beasts
 11002 | Lair:1   | Noticed a four-headed hydra
 11006 | Lair:1   | Killed a four-headed hydra
 12123 | Lair:1   | Gained Morbeogh as an ally
 12126 | Lair:1   | Your ally Morbeogh died
 12323 | Lair:1   | Reached XP level 12. HP: 94/118 MP: 12/12
 13044 | Lair:2   | Reached skill level 10 in Armour
 13104 | Lair:2   | Acquired Beogh's fifth power
 15277 | Lair:3   | Gained Bogbrand as an ally
 17097 | Lair:5   | Reached skill level 5 in Dodging
 17673 | Lair:5   | Reached XP level 13. HP: 73/125 MP: 13/13
 18037 | Lair:5   | Found a staircase to the Shoals.
 18817 | Orc:1    | Found Saetzy's Distillery.
 18830 | Orc:1    | Bought a potion of experience for 750 gold pieces
 19043 | Orc:2    | Noticed Fluffy's ghost (powerful DsGl)
 19064 | Orc:2    | Killed Fluffy's ghost
 19744 | Orc:4    | Entered Level 4 of the Orcish Mines
 19744 | Orc:4    | Found a staircase to the Elven Halls.
 19870 | Orc:4    | Reached XP level 14. HP: 133/133 MP: 13/20
 19889 | Orc:4    | Gained Bogrim as an ally
 19934 | Orc:4    | Found Agiamepp's Gadget Shop.
 19934 | Orc:4    | Found Roacalat's General Store.
 19934 | Orc:4    | Found Reqoulaff's Antique Weapon Boutique.
 19937 | Orc:4    | Found Ferav's Weapon Shop.
 19943 | Orc:4    | Reached skill level 15 in Axes
 19947 | Orc:4    | Gained Boderik as an ally
 20281 | Orc:4    | Found Nuyreak's Distillery.
 20294 | Orc:4    | Bought a potion of might for 52 gold pieces
 20637 | Orc:3    | Noticed an orc warlord
 20644 | Orc:3    | Killed an orc warlord
 20733 | Orc:3    | Noticed Donald
 20747 | Orc:3    | Killed Donald
 21926 | Lair:6   | Reached skill level 16 in Axes
 22248 | Lair:6   | Found a staircase to the Snake Pit.
 22869 | Lair:7   | Noticed Rupert
 22892 | Lair:7   | Killed Rupert
 22892 | Lair:7   | Reached skill level 17 in Axes
 23390 | Lair:7   | Gained Gorm as an ally
 23863 | Lair:8   | Entered Level 8 of the Lair of Beasts
 23961 | Lair:8   | Reached skill level 18 in Axes
 23969 | Lair:8   | Noticed Kirke
 23977 | Lair:8   | Gained Ugbert as an ally
 23979 | Lair:8   | Killed Kirke
 24069 | Lair:8   | Gained Bogwik as an ally
 24112 | Lair:8   | Gained Hilgar as an ally
 24113 | Lair:8   | Reached XP level 15. HP: 108/139 MP: 21/21
 24332 | Lair:8   | Reached skill level 19 in Axes
 24346 | Lair:8   | Your ally Hilgar died
 24937 | Lair:8   | Found a runed door.
 24938 | Lair:8   | Found a viscous altar of Jiyva.
 24940 | Lair:8   | Found a staircase to the Slime Pits.
 25134 | Lair:8   | Your ally Gorm died
 25535 | D:11     | Reached skill level 20 in Axes
 25579 | D:11     | Identified Keily's Volume of Harmful Darkness
 25621 | D:11     | Identified the Almanac of Ashen Shape Shifting (You found it on level 11 of the Dungeon)
 25631 | D:11     | Found a deep blue altar of Sif Muna.
 25649 | D:11     | Noticed a vampire mage
 25660 | D:11     | Killed a vampire mage
 25675 | D:11     | Noticed a deep elf sorcerer
 25678 | D:11     | Killed a deep elf sorcerer
 25700 | D:11     | Identified Benuol's Handbook of the Voyage (You found it on level 11 of the Dungeon)
 25705 | D:11     | Identified Ritsor's Collected Works on Fascination (You found it on level 11 of the Dungeon)
 26154 | D:11     | Identified Joakureck's Handbook of Displaced Changing
 26304 | D:11     | Killed a hill giant
 27242 | D:12     | Noticed Maud
 27253 | D:12     | Killed Maud
 27346 | D:12     | Reached skill level 15 in Fighting
 27825 | D:12     | Found a portal to a secret trove of treasure.
 28405 | D:13     | Noticed a tengu reaver
 28409 | D:13     | Noticed a frost giant
 28412 | D:13     | Your ally Bogwik died
 28414 | D:13     | Your ally Bogbrand died
 28415 | D:13     | Your ally Ugbert died
 28417 | D:13     | Your ally Boderik died
 28420 | D:13     | Killed a frost giant
 28447 | D:13     | Gained Okrist as an ally
 28680 | D:13     | Noticed a tengu reaver
 28693 | D:13     | Killed a tengu reaver
 28693 | D:13     | Gained Wargath as an ally
 28851 | D:13     | Killed a tengu reaver
 29588 | D:13     | Your ally Okrist died
 29753 | D:13     | Reached XP level 16. HP: 134/151 MP: 22/22
 30489 | D:14     | Found Lyirum's Weapon Shop.
 31148 | D:14     | Found a gate to the Vaults.
 31709 | D:14     | Found a basalt altar of Yredelemnul.
 31939 | D:14     | Upgraded the game from 0.17-a0-1404-gb8113a6 to 0.17-a0-1409-ge6d9485
 31947 | D:15     | Entered Level 15 of the Dungeon
 32006 | D:15     | Gained Agrik as an ally
 32089 | D:15     | Your ally Agrik died
 32306 | D:15     | Found a staircase to the Depths.
 33720 | Snake:1  | Entered Level 1 of the Snake Pit
 35541 | Snake:2  | Gained Berold as an ally
 35700 | Snake:2  | Found Vuogaroq's Food Emporium.
 36512 | Snake:2  | Reached skill level 15 in Armour
 37232 | Snake:2  | Reached XP level 17. HP: 124/163 MP: 23/23
 37803 | Snake:3  | Noticed Aizul
 37813 | Snake:3  | Killed Aizul
 37851 | Snake:3  | Gained Berold as an ally
 39533 | Snake:4  | Entered Level 4 of the Snake Pit
 39766 | Snake:4  | Gained Urtork as an ally
 39774 | Snake:4  | Got a serpentine rune of Zot
 39775 | Snake:4  | Your ally Urtork died
 39789 | Snake:4  | Your ally Berold died
 39815 | Snake:4  | Your ally Bogrim died
 40722 | Snake:4  | Your ally Wargath died
 42768 | Shoals:1 | Entered Level 1 of the Shoals
 44034 | Shoals:1 | Reached XP level 18. HP: 178/178 MP: 24/24
 44041 | Shoals:2 | Noticed Polyphemus
 44395 | Shoals:2 | Killed Polyphemus
 44678 | Shoals:2 | Reached skill level 10 in Dodging
 45200 | Shoals:3 | Found Poig's Assorted Antiques.
 45246 | Shoals:3 | Bought a scroll of blinking for 270 gold pieces
 46030 | Shoals:3 | Identified the Almanac of Augmentations (You found it on level 3 of the Shoals)
 46035 | Shoals:3 | Learned a level 3 spell: Spectral Weapon
 46038 | Shoals:3 | Learned a level 2 spell: Swiftness
 46041 | Shoals:3 | Learned a level 2 spell: Song of Slaying
 46264 | Shoals:4 | Entered Level 4 of the Shoals
 46282 | Shoals:4 | Reached skill level 1 in Charms
 46771 | Shoals:4 | Noticed Ilsuiw
 46814 | Shoals:4 | Killed Ilsuiw
 46814 | Shoals:4 | Reached skill level 5 in Charms
 46959 | Shoals:4 | HP: 8/179 [poisoned by a merfolk javelineer]
 46990 | Shoals:4 | Your ally Berold died
 47031 | Shoals:4 | Mangled by an alligator snapping turtle

Vault maps used:
D:1:      matt_arrival_los_fun
D:2:      minmay_tree_intersection
D:3:      first_bread, minmay_splitting_lines, lightli_corner_chamber
D:4:      uniq_pikel
D:5:      zin_purify, minmay_temple_entry_glassed_door
D:6:      minmay_ruffians
D:7:      uniq_crazy_yiuf_cottage, uniq_menkaure
D:9:      dpeg_lair_monsters
D:10:     david_orc_3, hangedman_ranch
D:11:     evilmike_library_of_no_secrets
D:12:     trove_entry_hex_spiral, nicolae_two_hexagons, uniq_maud
D:13:     minmay_octo_star
D:14:     erik_vaults_1, serial_shops, shop, yredelemnul_altar_generic,
          kennysheep_island_fort
D:15:     hangedman_depths_entry_try_elsewhere_first, grunt_decor_fettered,
          serial_ice, serial_ice_n, serial_ice_j, serial_ice_m, serial_ice_h
Lair:1:   serial_bayou_shore_a, lemuel_fruit_tree, grunt_megastairs_4,
          lemuel_fruit_fields
Lair:3:   st_stairs_6, beast_lair_carwin_6
Lair:4:   minivault_25
Lair:5:   elwin_shoals_entry_stream, uniq_rupert
Lair:6:   lemuel_slime, dummy_snake_entry, special_room,
          kennysheep_basilisk_garden
Lair:7:   minivault_26, serial_bayou_shore_b
Lair:8:   grunt_lair_end_beastmaster, slime_altar_2,
          portal_ice_cave_entry_animals_and_master, infiniplex_staircase_pool_2,
          uniq_kirke
Shoals:2: uniq_polyphemus
Shoals:3: serial_shops, nicolae_shop_waterfront, overgrown_hall
Shoals:4: shoals_end_simple, shoals_ilsuiw_alternative
Snake:2:  serial_shops, shop
Snake:3:  uniq_aizul
Snake:4:  snake_pit
Orc:1:    serial_shops, shop, shop_statue, nicolae_shop_crystal, shop_statue,
          uniq_fannar
Orc:2:    nicolae_volcano_entry_s_turn
Orc:3:    nicolae_orc_pool_cavern, uniq_donald
Orc:4:    st_orc_mages, serial_shops, shop

Action                   |  1- 3 |  4- 6 |  7- 9 | 10-12 | 13-15 | 16-18 || total
-------------------------+-------+-------+-------+-------+-------+-------++-------
Melee: War axe           |   102 |   127 |   368 |   921 |    79 |       ||  1597
       Battleaxe         |       |       |       |       |   632 |  1201 ||  1833
Throw: Throwing net      |     1 |     3 |     1 |       |     2 |       ||     7
Invok: Convert to Beogh  |       |     1 |       |       |       |       ||     1
       Smiting           |       |       |       |     6 |    27 |    15 ||    48
       Recall Orcish Fol |       |       |       |       |     6 |     6 ||    12
       Stop Recall       |       |       |       |       |     4 |     1 ||     5
       Give Item to Name |       |       |       |       |     1 |     2 ||     3
Evoke: Wand              |       |       |       |     3 |     4 |     1 ||     8
  Use: Scroll            |       |     5 |    10 |    18 |     8 |    17 ||    58
       Potion            |       |     2 |     1 |     2 |     2 |     5 ||    12
 Stab: Held in net/web   |       |     3 |       |       |       |       ||     3
       Distracted        |       |       |       |     5 |    16 |    15 ||    36
       Paralysed         |       |       |       |       |     2 |       ||     2
       Petrified         |       |       |       |       |     1 |       ||     1
       Fleeing           |       |       |       |       |       |     1 ||     1
  Eat: Chunk             |     1 |     6 |     2 |    24 |     8 |     9 ||    50
       Bread ration      |       |       |     2 |       |       |     9 ||    11
       Beef jerky        |       |       |     1 |     1 |     2 |       ||     4
       Meat ration       |       |       |       |     2 |     6 |     3 ||    11
       Fruit             |       |       |       |       |     1 |       ||     1
